Workbook

Sheet Feuil2
A1: Nom Prénom | B1: Nom | C1: Prenom | D1: Fonction | E1: Téléphone | F1: Mail | G1: Organisation | H1: Code Postal | I1: Adresse | J1: Ville
A2: =CONCATENATE(Feuil2!$B2," ",Feuil2!$C2) -> A HARRISS Jordana | B2: A HARRISS | C2: Jordana | F2: jordana.harriss@hesam.eu | G2: COLLECTIVITE INCONNUE IEL | H2: 21000
A3: =CONCATENATE(Feuil2!$B3," ",Feuil2!$C3) -> ABALEA Véronique | B3: ABALEA | C3: Véronique | D3: A définir | E3: 0786587117 | F3: veronique.abalea@mairie-brest.fr | G3: BREST METROPOLE | H3: 29222 | I3: 24 RUE COAT AR GUEVEN
A4: =CONCATENATE(Feuil2!$B4," ",Feuil2!$C4) -> ABA-PEREA Anne | B4: ABA-PEREA | C4: Anne | D4: XX | G4: C.N.F.P.T. | H4: 75578 | I4: 80 rue de reuilly
A5: =CONCATENATE(Feuil2!$B5," ",Feuil2!$C5) -> ABEL Rose-Marie | B5: ABEL | C5: Rose-Marie | D5: Directrice générale adjointe - Pôle Ressources | E5: 0299023070 | F5: rose-marie.abel@cg35.fr | G5: Conseil général 35 | I5: 1, avenue de la Préfecture - CS 24218 35042
A6: =CONCATENATE(Feuil2!$B6," ",Feuil2!$C6) -> ABOUE-ZAMBO Mélissa | B6: ABOUE-ZAMBO | C6: Mélissa | D6: Chargée de mission | F6: melissa.aboue-zambo@espacesud.fr | G6: C.A.E.S.M. (COMMUNAUTÉ AGGLOMÉRATION ESPACE SUD MARTINIQUE) | H6: 97228
A7: =CONCATENATE(Feuil2!$B7," ",Feuil2!$C7) -> ACCAMAH EMMA | B7: ACCAMAH | C7: EMMA | D7: ASSISTANTE DU MAIRE ET DU DGS | E7: 0696345282 | F7: secretariatdumaire.ajoupa@orange.fr | G7: COMMUNE D'AJOUPA-BOUILLON | H7: 97216 | I7: BOURG
A8: =CONCATENATE(Feuil2!$B8," ",Feuil2!$C8) -> ACCOT Mathieu Jean Thierry | B8: ACCOT | C8: Mathieu Jean Thierry | D8: Directeur de Service | E8: 0692171954 | F8: mathieu.ACCOT@saintdenis.re | G8: COMMUNE DE ST DENIS | H8: 97400 | I8: MESSAGERIE CEDEX 9
A9: =CONCATENATE(Feuil2!$B9," ",Feuil2!$C9) -> ACELOR Hélène Ariane | B9: ACELOR | C9: Hélène Ariane | D9: Encadrant | E9: 0696299278 | F9: helene.acelor@cg972.fr | G9: COLLECTIVITE TERRITORIALE DE MARTINIQUE (EX CG) | H9: 97264 | I9: BOULEVARD DU CHEVALIER SAINTE-MARTHE
A10: =CONCATENATE(Feuil2!$B10," ",Feuil2!$C10) -> ADIN Michèla | B10: ADIN | C10: Michèla | D10: Directrice générale des services | E10: 0696832139 | F10: michela.adin-lubin@capnordmartinique.fr | G10: OFFICE DE L¿EAU MARTINIQUE | H10: 97201 | I10: BP 32
A11: =CONCATENATE(Feuil2!$B11," ",Feuil2!$C11) -> AGARINI Bernard | B11: AGARINI | C11: Bernard | D11: DGS | G11: Commune de Caluire et Cuire
A12: =CONCATENATE(Feuil2!$B12," ",Feuil2!$C12) -> AGGERI Gaelle | B12: AGGERI | C12: Gaelle | F12: Gaelle.aggeri@cnfpt.fr | G12: CNFPT
A13: =CONCATENATE(Feuil2!$B13," ",Feuil2!$C13) -> AH-KANG Clotilde | B13: AH-KANG | C13: Clotilde | E13: 06 92 712663 | F13: clotilde@aka-interieurs.com | G13: COLLECTIVITE GENERIQUE PERSONNE DROIT PRIVE (NON PAYANT) | H13: 97400 | I13: CS 81037
A14: =CONCATENATE(Feuil2!$B14," ",Feuil2!$C14) -> AH-SON KARINE | B14: AH-SON | C14: KARINE | D14: Directrice Générale Adjointe RRU | E14: 692647559 | F14: karine.ahson@ville-port.re | G14: COMMUNE DU PORT | H14: 97821 | I14: RUE DE SAINT PAUL
A15: =CONCATENATE(Feuil2!$B15," ",Feuil2!$C15) -> AINA Lila | B15: AINA | C15: Lila | D15: Chargé de mission - DGA projet managérial | E15: 06 20 26 21 59 | F15: laina@hauts-de-seine.fr | G15: Département des Hauts de Seine
A16: =CONCATENATE(Feuil2!$B16," ",Feuil2!$C16) -> AIT-OUALI DJAMEL | B16: AIT-OUALI | C16: DJAMEL | D16: DGS | F16: dait-ouali@agglo-porteduhainaut.fr | G16: COMMUNAUTÉ D'AGGLOMERATION DE LA PORTE DU HAINAUT | H16: 59135 | I16: Site Wallers-Arenberg - R Michel-Rondet
A17: =CONCATENATE(Feuil2!$B17," ",Feuil2!$C17) -> AKKARI-TRAORE Licia | B17: AKKARI-TRAORE | C17: Licia | D17: Chargée de mission conseil scientifique | F17: lakkari@ivry94.fr | G17: COMMUNE D'IVRY SUR SEINE | H17: 94200 | I17: 64 ESPLANADE GEORGES MARRANE
A18: =CONCATENATE(Feuil2!$B18," ",Feuil2!$C18) -> ALARIC Ghislaine | B18: ALARIC | C18: Ghislaine | D18: Cheffe de service | E18: 0696 25 33 20 | F18: ghislaine.alaric@fortdefrance.fr | G18: MAIRIE DE FORT-DE-FRANCE | H18: 97264 | I18: B.P 646
A19: =CONCATENATE(Feuil2!$B19," ",Feuil2!$C19) -> ALIDRA Cyril | B19: ALIDRA | C19: Cyril | E19: 0610551333 | F19: c.alidra@grand-senonais.fr | G19: COMMUNAUTE D'AGGLOMERATION DU GRAND SENONAIS | H19: 89105 | I19: 21 BD DU 14 JUILLET
A20: =CONCATENATE(Feuil2!$B20," ",Feuil2!$C20) -> ALLAIN FRANCINE | B20: ALLAIN | C20: FRANCINE | F20: francine.allain@gard.fr | G20: DEPARTEMENT DU GARD | H20: 30000 | I20: HOTEL DU DEPARTEMENT
A21: =CONCATENATE(Feuil2!$B21," ",Feuil2!$C21) -> ALTEMAIRE Martine | B21: ALTEMAIRE | C21: Martine | D21: Secrétaire général | E21: 06 11 11 08 57 | F21: sg@dachstein.fr | G21: DACHSTEIN | H21: 67120 | I21: 21 R PRINCIPALE
A22: =CONCATENATE(Feuil2!$B22," ",Feuil2!$C22) -> AMADI Mourad | B22: AMADI | C22: Mourad | D22: Directeur.rice général.e des services | F22: mourad.amadi@gmail.com | G22: MAIRIE DE LA | H22: 97429 | I22: Hôtel de ville 192 rue Mahé de Labourdonnais | J22: Petie-Ile
A23: =CONCATENATE(Feuil2!$B23," ",Feuil2!$C23) -> AMBLARD Chrystelle | B23: AMBLARD | C23: Chrystelle | D23: Charge de mission temps et territoires | F23: c.amblard@montpellier3m.fr | G23: MONTPELLIER MEDITERRANEE METROPOLE | H23: 34045 | I23: 50 PL ZEUS
A24: =CONCATENATE(Feuil2!$B24," ",Feuil2!$C24) -> AMIOT Karine | B24: AMIOT | C24: Karine | D24: Responsable d'antenne | F24: karine.amiot@cnfpt.fr | G24: C.N.F.P.T. | H24: 75578 | I24: 80 rue de reuilly
A25: =CONCATENATE(Feuil2!$B25," ",Feuil2!$C25) -> AMOROS Charline | B25: AMOROS | C25: Charline | D25: Animateur de Proximité - Maître COmposteur | F25: animcompost@sirtomgrosne.fr | G25: SIRTOM DE LA VALLEE DE LA GROSNE | H25: 71250 | I25: ZA DU PRE SAINT GERMAIN
A26: =CONCATENATE(Feuil2!$B26," ",Feuil2!$C26) -> AMOURIAUX Hélène | B26: AMOURIAUX | C26: Hélène | F26: helene.amouriaux@ille-et-vilaine.fr | G26: CONSEIL DEPARTEMENTAL D'ILLE ET VILAINE | H26: 35042 | I26: 1 AVENUE DE LA PREFECTURE
A27: =CONCATENATE(Feuil2!$B27," ",Feuil2!$C27) -> AMRHEIN PASCALE | B27: AMRHEIN | C27: PASCALE | F27: pascale.amrhein@haguenau.fr | G27: COMMUNAUTE AGGLOMERATION DE HAGUENAU | H27: 67500 | I27: 84 ROUTE DE STRASBOURG
A28: =CONCATENATE(Feuil2!$B28," ",Feuil2!$C28) -> ANDRIGNETTE Anne Lise | B28: ANDRIGNETTE | C28: Anne Lise | D28: INTERVENANTE | E28: 0693 20 24 54 | F28: aandrignette@gmail.com | G28: COLLECTIVITE GENERIQUE PERSONNE DROIT PRIVE (NON PAYANT) | H28: 97400 | I28: CS 81037
A29: =CONCATENATE(Feuil2!$B29," ",Feuil2!$C29) -> ANNETTE DIDIER | B29: ANNETTE | C29: DIDIER | D29: Chargé de développement «¿filières d¿activités économiques¿» | E29: 0692910802 | F29: drh.formation@tco.re | G29: COMMUNAUTE AGGLOMERATION TERRITOIRE COTE OUEST | H29: 97822 | I29: BP 49
A30: =CONCATENATE(Feuil2!$B30," ",Feuil2!$C30) -> ANSELIN Gaëlle | B30: ANSELIN | C30: Gaëlle | D30: chargée de formation innovation managériale | F30: ganselin@mairie-lille.fr | G30: Marie de Lille | I30: Lille
A31: =CONCATENATE(Feuil2!$B31," ",Feuil2!$C31) -> APPREDERISSE Françoise | B31: APPREDERISSE | C31: Françoise | D31: CHEF DE SERVICE | E31: 637066628 | F31: francoise.apprederisse@cnfpt.fr | G31: C.N.F.P.T. | H31: 75578 | I31: 80 rue de reuilly
A32: =CONCATENATE(Feuil2!$B32," ",Feuil2!$C32) -> ARCHAMBEAUD Hugues | B32: ARCHAMBEAUD | C32: Hugues | D32: Directieur de la Prospective | E32: Port. 06 84 95 28 01 / Tél. 02 40 99 14 50 | F32: hugues.archambeaud@loire-atlantique.fr | G32: Département de Loire-Atlantique
A33: =CONCATENATE(Feuil2!$B33," ",Feuil2!$C33) -> ARCHAMBEAUD Hugues | B33: ARCHAMBEAUD | C33: Hugues | D33: Directieur de la Prospective | E33: , 06 84 95 28 01 -02 40 99 14 50 | F33: hugues.archambeaud@loire-atlantique.fr | G33: Département de Loire-Atlantique
A34: =CONCATENATE(Feuil2!$B34," ",Feuil2!$C34) -> ARGY Valérie | B34: ARGY | C34: Valérie | F34: direction@grande-sologne.com | G34: Syndicat mixte du Pays de grande Sologne
A35: =CONCATENATE(Feuil2!$B35," ",Feuil2!$C35) -> ARHAN Maugine | B35: ARHAN | C35: Maugine | D35: CONSEILLER FORMATION | E35: 0692547920 | F35: maugine.arhan@cnfpt.fr | G35: C.N.F.P.T. | H35: 75578 | I35: 80 rue de reuilly
A36: =CONCATENATE(Feuil2!$B36," ",Feuil2!$C36) -> ARLICOT Evelyne | B36: ARLICOT | C36: Evelyne | D36: RESP. REGIONAL DE L'EMPLOI | G36: C.N.F.P.T. | H36: 75578 | I36: 80 rue de reuilly
A37: =CONCATENATE(Feuil2!$B37," ",Feuil2!$C37) -> ARMANDY Angélina | B37: ARMANDY | C37: Angélina | F37: angelina.armandy@gmail.com | G37: ORGANISME HORS FPT | H37: 57000
A38: =CONCATENATE(Feuil2!$B38," ",Feuil2!$C38) -> ARNOULD Nathalie | B38: ARNOULD | C38: Nathalie | D38: Design manager | E38: T 04 77 49 31 98 T 06 29 87 09 41 | F38: nathalie.arnould@citedudesign.com | G38: Agglo saint etienne
A39: =CONCATENATE(Feuil2!$B39," ",Feuil2!$C39) -> ARNOULD Nathalie | B39: ARNOULD | C39: Nathalie | D39: Design manager | E39: 4 77 49 31 98 T 06 29 87 09 41 | F39: nathalie.arnould@citedudesign.com | G39: Agglo saint etienne
A40: =CONCATENATE(Feuil2!$B40," ",Feuil2!$C40) -> ARNOULD PHILIPPE | B40: ARNOULD | C40: PHILIPPE | G40: COMMUNAUTE DE COMMUNES SEILLE MAUCHERE GRAND COURONNE | H40: 54280 | I40: 47 RUE SAINT BARTHELEMY
A41: =CONCATENATE(Feuil2!$B41," ",Feuil2!$C41) -> ARNOUX DAUMAS Stéphanie | B41: ARNOUX DAUMAS | C41: Stéphanie | F41: sdaumas@hotmail.com | G41: COLLECTIVITE INCONNUE IEL | H41: 21000
A42: =CONCATENATE(Feuil2!$B42," ",Feuil2!$C42) -> ARRIAU Véronique | B42: ARRIAU | C42: Véronique | F42: veronique.arriau@haute-vienne.fr | G42: DEPARTEMENT DE LA HAUTE VIENNE | H42: 87031 | I42: CS 83112
A43: =CONCATENATE(Feuil2!$B43," ",Feuil2!$C43) -> ASSELIN DEWILLIENCOURT PAULINE | B43: ASSELIN DEWILLIENCOURT | C43: PAULINE | D43: ASSIST DE PROJET DES PRG USAGES&SERVICES | E43: 0664175450 | F43: passelin@regionpaca.fr | G43: REGION PROVENCE-ALPES-COTE D'AZUR | H43: 13002 | I43: HOTEL DE REGION
A44: =CONCATENATE(Feuil2!$B44," ",Feuil2!$C44) -> ASSOUNE Patricia | B44: ASSOUNE | C44: Patricia | D44: RESPONSABLE REGIONAL DEVELOPPEMENT ET COMMUNICATION | E44: 0692615088 | F44: patricia.assoune@cnfpt.fr | G44: INCONNU - COLL. INCONNUE | H44: 00000
A45: =CONCATENATE(Feuil2!$B45," ",Feuil2!$C45) -> AUBRY Françoise | B45: AUBRY | C45: Françoise | D45: Directrice | E45: 06.14.59.50.60 | F45: francoise.aubry@la-seyne.fr | G45: COMMUNE DE LA SEYNE SUR MER | H45: 83507 | I45: HOTEL DE VILLE
A46: =CONCATENATE(Feuil2!$B46," ",Feuil2!$C46) -> AUDEBEAU Delphine | B46: AUDEBEAU | C46: Delphine | F46: delphine.audebeau@loiret.fr | G46: DEPARTEMENT DU LOIRET | H46: 45010 | I46: 15 RUE EUGENE VIGNAT
A47: =CONCATENATE(Feuil2!$B47," ",Feuil2!$C47) -> AUDOIN Agnès | B47: AUDOIN | C47: Agnès | D47: Conservatrice de bibliothèque | E47: 0681924108 | F47: aaudoin@bm-lyon.fr | G47: Mairie de Lyon | I47: 30 boulevard Vivier Merle - 69003
A48: =CONCATENATE(Feuil2!$B48," ",Feuil2!$C48) -> AUFFRET Ehouarn | B48: AUFFRET | C48: Ehouarn | D48: Conseiller formation | E48: 06 14 73 03 88 | F48: ehouarn.auffret@cnfpt.fr | G48: C.N.F.P.T. | H48: 75578 | I48: 80 rue de reuilly
A49: =CONCATENATE(Feuil2!$B49," ",Feuil2!$C49) -> AULAS Virginie | B49: AULAS | C49: Virginie | D49: Administrateur | F49: virginie.aulas@chalonsursaone.fr | G49: Chalon Val-de-Bourgogne
A50: =CONCATENATE(Feuil2!$B50," ",Feuil2!$C50) -> AURICHE NICOLAS | B50: AURICHE | C50: NICOLAS | D50: JARDINIER | E50: 0626205101 | F50: nicolas.auriche@mairie-alfortville.fr | G50: COMMUNE D ALFORTVILLE | H50: 94142 | I50: PLACE FRANCOIS MITTERRAND
A51: =CONCATENATE(Feuil2!$B51," ",Feuil2!$C51) -> AURORE Josiane | B51: AURORE | C51: Josiane | D51: Directeur général des services | F51: jaurore@cdg-martinique.fr | G51: C.D.G.F.P.T. MARTINIQUE (CENTRE DE GESTION DE LA FPT) | H51: 97249 | I51: ZAC DE L'ETANG Z'ABRICOT, BP 1149
A52: =CONCATENATE(Feuil2!$B52," ",Feuil2!$C52) -> AURY Mathieu | B52: AURY | C52: Mathieu | D52: Pôle conseil et emploi | F52: aury.m@cdg31.fr | G52: CDG31
A53: =CONCATENATE(Feuil2!$B53," ",Feuil2!$C53) -> AVELLANEDA Isabelle | B53: AVELLANEDA | C53: Isabelle | D53: chargée de Mission | G53: COMMUNE DE CHATILLON SUR CHALARONNE | H53: 01400 | I53: MAIRIE
A54: =CONCATENATE(Feuil2!$B54," ",Feuil2!$C54) -> AVERLANT Catherine | B54: AVERLANT | C54: Catherine | D54: Responsable du pôle Finances et contrôle de gestion | F54: catherine.averlant@sfr.fr | G54: C.N.F.P.T. | H54: 75578 | I54: 80 rue de reuilly
A55: =CONCATENATE(Feuil2!$B55," ",Feuil2!$C55) -> AVOCAT Delphine | B55: AVOCAT | C55: Delphine | D55: Directeur des transports | F55: delphine.avocat@ain.fr | G55: Conseil départemental de l'Ain
A56: =CONCATENATE(Feuil2!$B56," ",Feuil2!$C56) -> AVOINE Pierre | B56: AVOINE | C56: Pierre | F56: pierre.avoine@manche.fr | G56: CD Manche
A57: =CONCATENATE(Feuil2!$B57," ",Feuil2!$C57) -> AVOINE Pierre | B57: AVOINE | C57: Pierre | D57: Directeur de la modernisation | G57: CD de la Manche
A58: =CONCATENATE(Feuil2!$B58," ",Feuil2!$C58) -> BACO-AMBRASS Florence | B58: BACO-AMBRASS | C58: Florence | D58: DGS | G58: Palaiseau
A59: =CONCATENATE(Feuil2!$B59," ",Feuil2!$C59) -> BAILLY Christine | B59: BAILLY | C59: Christine | E59: 06/88/48/86/83 | F59: cderexel@cg88.fr | G59: DEPARTEMENT DES VOSGES | H59: 88088 | I59: 8 RUE DE LA PREFECTURE
A60: =CONCATENATE(Feuil2!$B60," ",Feuil2!$C60) -> BAILLY Elodie | B60: BAILLY | C60: Elodie | D60: Directeur délégué | F60: elodie.bailly@bourgognefranchecomte.fr | G60: CONSEIL REGIONAL BOURGOGNE FRANCHE-COMTE | H60: 25000 | I60: 4 SQUARE CASTAN
A61: =CONCATENATE(Feuil2!$B61," ",Feuil2!$C61) -> BAJON Anne-Laure | B61: BAJON | C61: Anne-Laure | D61: charge de mission | E61: 06 03 24 06 26 | F61: BajonAL@mairie-aixenprovence.fr | G61: COMMUNE D'AIX EN PROVENCE | H61: 13616 | I61: HOTEL DE VILLE
A62: =CONCATENATE(Feuil2!$B62," ",Feuil2!$C62) -> BALBO BONNEVAL Veronique | B62: BALBO BONNEVAL | C62: Veronique | D62: Directrice générale des services | E62: 01 34 25 61 05 / 06 77 17 92 47 | F62: veronique.balbo-bonneval@u-cergy.fr | G62: Université Cergy-Pontoise | I62: 33 boulevard du Port - 95011
A63: =CONCATENATE(Feuil2!$B63," ",Feuil2!$C63) -> BALBO BONNEVAL Veronique | B63: BALBO BONNEVAL | C63: Veronique | D63: Directrice générale des services | E63: 01 34 25 61 05 -06 77 17 92 47 | F63: veronique.balbo-bonneval@u-cergy.fr | G63: Université Cergy-Pontoise | I63: 33 boulevard du Port - 95011
A64: =CONCATENATE(Feuil2!$B64," ",Feuil2!$C64) -> BALESTRA Véronique | B64: BALESTRA | C64: Véronique | G64: ORGANISME HORS FPT | H64: 57000
A65: =CONCATENATE(Feuil2!$B65," ",Feuil2!$C65) -> BALLE Stéphane | B65: BALLE | C65: Stéphane | F65: sballe@var.fr | G65: Département du Var
A66: =CONCATENATE(Feuil2!$B66," ",Feuil2!$C66) -> BALLIERE Gérald | B66: BALLIERE | C66: Gérald | D66: Directeur général des services | F66: g.balliere@ville-courseulles.fr | G66: COMMUNE DE COURSEULLES SUR MER | H66: 14470 | I66: RUE DE LA MER
A67: =CONCATENATE(Feuil2!$B67," ",Feuil2!$C67) -> BALMY Elie | B67: BALMY | C67: Elie | D67: Chargé de la gestion de l'affichage publicitaire | E67: 0696958752 | F67: e.balmy@ville-robert.fr | G67: COMMUNE DU ROBERT | H67: 97231 | I67: BOURG
A68: =CONCATENATE(Feuil2!$B68," ",Feuil2!$C68) -> BALUT Michel | B68: BALUT | C68: Michel | F68: michel.balut@pangaia.fr | G68: AIRTF
A69: =CONCATENATE(Feuil2!$B69," ",Feuil2!$C69) -> BAPTISTA Nadège | B69: BAPTISTA | C69: Nadège | D69: Directrice générale des services | E69: 06 17 48 82 18 | F69: nadege.baptista@chateauroux-metropole.fr | G69: Communauté d'agglomération de Châteauroux métropôle | I69: 33 rue Grande Saint Christophe - 36000
A70: =CONCATENATE(Feuil2!$B70," ",Feuil2!$C70) -> BARATINY Eloi | B70: BARATINY | C70: Eloi | D70: Responsable | E70: 0696310764 | F70: ebaratiny@mairie-lelamentin.fr | G70: COMMUNE DU LAMENTIN EN MARTINIQUE | H70: 97232 | I70: HOTEL DE VILLE, BOURG
A71: =CONCATENATE(Feuil2!$B71," ",Feuil2!$C71) -> BARBOS Geneviève | B71: BARBOS | C71: Geneviève | D71: Directrice affaires scolaires | E71: 696814521 | F71: genevieve.barbos@mairie-riviere-salee.fr | G71: COMMUNE DE RIVIERE-SALEE | H71: 97215 | I71: 60, RUE SCHOELCHER
A72: =CONCATENATE(Feuil2!$B72," ",Feuil2!$C72) -> BARDEUR CHRISTIANE | B72: BARDEUR | C72: CHRISTIANE | F72: christiane.bardeur@cr-reunion.fr | G72: REGION REUNION | H72: 97400 | I72: BP 7190
A73: =CONCATENATE(Feuil2!$B73," ",Feuil2!$C73) -> BARLERIN SIMONOT Magali | B73: BARLERIN SIMONOT | C73: Magali | F73: magali.barlerin-simonot@cotedor.fr | G73: DEPARTEMENT DE COTE D'OR | H73: 21035 | I73: HOTEL DU DEPARTEMENT
A74: =CONCATENATE(Feuil2!$B74," ",Feuil2!$C74) -> BARNEZET Sylvie | B74: BARNEZET | C74: Sylvie | D74: CHARGE DE MISSION | G74: GRENOBLE ALPES METROPOLE | H74: 38031 | I74: LE FORUM
A75: =CONCATENATE(Feuil2!$B75," ",Feuil2!$C75) -> BARNOIN Magali | B75: BARNOIN | C75: Magali | D75: RESPONSABLE DE LA MISSION DE PILOTAGE CONSEIL DEPARTEMENTAL NUMÉRIQUE | E75: 0625515623 | F75: mbarnoin@cg06.fr | G75: DEPARTEMENT DES ALPES MARITIMES | H75: 06201 | I75: HOTEL DU DEPARTEMENT
A76: =CONCATENATE(Feuil2!$B76," ",Feuil2!$C76) -> BARRAUD Valeen | B76: BARRAUD | C76: Valeen | D76: COORDINATRICE ENFANCE | F76: administration.ccbgb@orange.fr | G76: Communauté de communes de Benevent-Grand Bourg
A77: =CONCATENATE(Feuil2!$B77," ",Feuil2!$C77) -> BARRET M T NADINE | B77: BARRET | C77: M T NADINE | D77: COORDONNATRICE CLEA | F77: nadine.barret@saintpierre.re | G77: COMMUNE DE ST PIERRE | H77: 97410 | I77: R DES BONS ENFANTS
A78: =CONCATENATE(Feuil2!$B78," ",Feuil2!$C78) -> BARRET Sandrine | B78: BARRET | C78: Sandrine | D78: Responsable service 1/Conseillère formation | E78: 622197552 | F78: sandrine.barret@cnfpt.fr | G78: C.N.F.P.T. | H78: 75578 | I78: 80 rue de reuilly
A79: =CONCATENATE(Feuil2!$B79," ",Feuil2!$C79) -> BARRET Sandrine | B79: BARRET | C79: Sandrine | D79: CF | F79: sandrine.barret@cnfpt.fr | G79: CNFPT
A80: =CONCATENATE(Feuil2!$B80," ",Feuil2!$C80) -> BARTHEZ MAGALIE | B80: BARTHEZ | C80: MAGALIE | F80: magalie.barthez@gard.fr | G80: DEPARTEMENT DU GARD | H80: 30000 | I80: HOTEL DU DEPARTEMENT
A81: =CONCATENATE(Feuil2!$B81," ",Feuil2!$C81) -> BASCOU Stéphanie | B81: BASCOU | C81: Stéphanie | D81: lève administratrice territoriale | E81: 0672708300 / 0672708300 | F81: stephanie.bascou@administrateur-inet.org | G81: CNFPT-INET Élève | I81: 231 allée du pavillon - 77190
A82: =CONCATENATE(Feuil2!$B82," ",Feuil2!$C82) -> BASCOU Stéphanie | B82: BASCOU | C82: Stéphanie | D82: lève administratrice territoriale | E82: 0672708300 -0672708300 | F82: stephanie.bascou@administrateur-inet.org | G82: CNFPT-INET Élève | I82: 231 allée du pavillon - 77190
A83: =CONCATENATE(Feuil2!$B83," ",Feuil2!$C83) -> BASILE Claire | B83: BASILE | C83: Claire | D83: Responsable de pôle | F83: claire.basile@cnfpt.fr | G83: Strasbourg | I83: Strasbourg
A84: =CONCATENATE(Feuil2!$B84," ",Feuil2!$C84) -> BASLE Anne-Catherine | B84: BASLE | C84: Anne-Catherine | D84: Consultante en organisation | F84: anne-catherine.basle@cdg35.fr | G84: Centre de gestion Ille et Villaine
A85: =CONCATENATE(Feuil2!$B85," ",Feuil2!$C85) -> BASSO NADIA | B85: BASSO | C85: NADIA | D85: DIRECTEUR DE PÔLE | F85: nadia.basso@ampmetropole.fr | G85: METROPOLE AIX-MARSEILLE-PROVENCE CONSEIL DE TERRITOIRE 1 | H85: 13567 | I85: 10 PLACE DE LA JOLIETTE
A86: =CONCATENATE(Feuil2!$B86," ",Feuil2!$C86) -> Baton Magali | B86: Baton | C86: Magali | D86: coach | G86: Seika coaching
A87: =CONCATENATE(Feuil2!$B87," ",Feuil2!$C87) -> BAUCHET GUILLAUME | B87: BAUCHET | C87: GUILLAUME | D87: . | G87: C.N.F.P.T. | H87: 75578 | I87: 80 rue de reuilly
A88: =CONCATENATE(Feuil2!$B88," ",Feuil2!$C88) -> BAUDIN Jean-Marc | B88: BAUDIN | C88: Jean-Marc | D88: Directeur général adjoint - Pôle éducatif | E88: 04 72 21 44 49 | F88: jmbaudin@ville-venissieux.fr | G88: Mairie de Vénissieux | I88: 5 Avenue Marcel Houël - 69200
A89: =CONCATENATE(Feuil2!$B89," ",Feuil2!$C89) -> BAUDRY Pierre | B89: BAUDRY | C89: Pierre | D89: Consultant | F89: pbaudry@okoni.fr | G89: OKONI
A90: =CONCATENATE(Feuil2!$B90," ",Feuil2!$C90) -> BAUNY Elodie | B90: BAUNY | C90: Elodie | D90: Attaché territorial | E90: 0677193812 | F90: Elodie.BAUNY@regioncentre.fr | G90: REGION CENTRE | H90: 45041
A91: =CONCATENATE(Feuil2!$B91," ",Feuil2!$C91) -> BAYAD Viviane | B91: BAYAD | C91: Viviane | D91: Chargé.e de projets | F91: viviane.bayad@cnfpt.fr | G91: CNFPT SIÈGE | H91: 54000 | I91: Inset 1 boulevard Austrasie | J91: Nancy
A92: =CONCATENATE(Feuil2!$B92," ",Feuil2!$C92) -> BAYBAUD Emile | B92: BAYBAUD | C92: Emile | D92: DAF | E92: 0696 80 05 27 | F92: emile-bbo@orange.fr | G92: C.N.F.P.T. | H92: 75578 | I92: 80 rue de reuilly
A93: =CONCATENATE(Feuil2!$B93," ",Feuil2!$C93) -> BEAURAIN-DURU Valerie | B93: BEAURAIN-DURU | C93: Valerie | D93: Attaché principal | F93: Valerie.BEAURAIN-DURU@regioncentre.fr | G93: REGION CENTRE | H93: 45041
A94: =CONCATENATE(Feuil2!$B94," ",Feuil2!$C94) -> BEAURE D'AUGERES marc | B94: BEAURE D'AUGERES | C94: marc | D94: Directeur des services techniques et environnement | E94: 0649099578 | F94: m.beauredaugeres@dinan-agglomeration.fr | G94: DINAN AGGLOMERATION | H94: 22100 | I94: 34 RUE BERTRAND ROBIDOU
A95: =CONCATENATE(Feuil2!$B95," ",Feuil2!$C95) -> BECEL Renaud | B95: BECEL | C95: Renaud | D95: standardiste | E95: 0615716815 | F95: r.becel@ville-rennes.fr | G95: RENNES METROPOLE | H95: 35207 | I95: 4 AVENUE HENRI FREVILLE
A96: =CONCATENATE(Feuil2!$B96," ",Feuil2!$C96) -> BECRET Anne-Marie | B96: BECRET | C96: Anne-Marie | G96: Commune de Lisieux
A97: =CONCATENATE(Feuil2!$B97," ",Feuil2!$C97) -> BEDELIAN VIRGINIE | B97: BEDELIAN | C97: VIRGINIE | D97: DELEGUE DEVELOPPEMENT REGIONAL PACA | F97: virginie.bedelian@laposte.fr | G97: COLLECTIVITE GENERIQUE PERSONNE DROIT PRIVE (NON PAYANT) | H97: 97400 | I97: CS 81037
A98: =CONCATENATE(Feuil2!$B98," ",Feuil2!$C98) -> BEDELIAN Virginie | B98: BEDELIAN | C98: Virginie | D98: Délégué développement régional PACA | F98: virginie.bedelian@laposte.fr | G98: CNFPT - DGACDF (EMPLOYEUR INTERVENANTS TYPE 1) | H98: 75578 | I98: 80 RUE DE REUILLY
A99: =CONCATENATE(Feuil2!$B99," ",Feuil2!$C99) -> BEER Charles | B99: BEER | C99: Charles | F99: charles.beer@hesge.ch | G99: ORGANISME HORS FPT | H99: 57000
A100: =CONCATENATE(Feuil2!$B100," ",Feuil2!$C100) -> BEGUE Marie-Line | B100: BEGUE | C100: Marie-Line | D100: GESTION ADMINISTRATIVE | E100: 0692375589 | F100: marie-line.begue@cr-reunion.fr | G100: REGION REUNION | H100: 97400 | I100: BP 7190
...

Sheet Feuil1
A1: Nombre de Nom
A2: 3201
